 Dungeon Sprint DCSS version 0.24-a0-778-g74da537585 (webtiles) character file.

Game seed: 5385045786793931308, levelgen mode: deterministic

58 Conn the Firebug (level 3, -6/19 HPs)
             Began as a Deep Elf Fire Elementalist on Oct 6, 2019.
             Was an Initiate of Sif Muna.
             Killed by divine providence
             ... invoked by an oklob sapling priest
              (15 damage)
             ... in the Dungeon (Sprint IV: "Fedhas' Mad Dash").
             The game lasted 00:01:40 (238 turns).

Conn the Firebug (Deep Elf Fire Elementalist)        Turns: 238, Time: 00:01:41

Health: -6/19      AC:  2    Str:  5    XL:     3   Next: 76%
Magic:  4/12       EV: 14    Int: 20    God:    Sif Muna [......]
Gold:   52         SH:  0    Dex: 15    Spells: 12/13 levels left

rFire    . . .     SeeInvis .   j - +0 dagger
rCold    . . .     Gourm    .   (no shield)
rNeg     . . .     Faith    .   a - +0 robe
rPois    .         Spirit   .   (no helmet)
rElec    .         Reflect  .   (no cloak)
rCorr    .         Harm     .   (no gloves)
MR       .....     NoTele   +   (no boots)
Stlth    ++........             d - amulet of invisibility {+Inv}
HPRegen  0.06/turn              (no ring)
MPRegen  0.13/turn              (no ring)

@: very slightly contaminated
A: no striking features
a: Renounce Religion, Evoke Invisibility


You were in the Dungeon.
You worshipped Sif Muna.
Sif Muna was noncommittal.
You were not hungry.

You visited 1 branch You collected 52 gold pieces.

Inventory:

Hand Weapons
 j - a +0 dagger (weapon)
Missiles
 h - 11 poisoned darts (quivered)
Armour
 a - a +0 robe (worn)
Jewellery
 d - the amulet of invisibility (around neck) {+Inv}
   (You found it in the Dungeon)

   [amulet of nothing]

   It lets you turn invisible.
Scrolls
 i - a scroll of blinking
Potions
 e - a potion of heal wounds
 f - a potion of haste
 g - 2 potions of magic
Comestibles
 b - 3 chunks of flesh
 c - a ration


   Skills:
 + Level 3.9 Dodging
 + Level 3.4 Stealth
 + Level 5.5 Spellcasting
 + Level 1.9 Conjurations
 + Level 6.7 Fire Magic


You had 12 spell levels left.
You knew the following spells:

 Your Spells              Type           Power        Failure   Level  Hunger
a - Flame Tongue          Conj/Fire      ###..        1%          1    None

Your spell library contained the following spells:

 Spells                   Type           Power        Failure   Level  Hunger
 Throw Flame              Conj/Fire      ###...       2%          2    None
 Conjure Flame            Conj/Fire      ###.....     5%          3    ##.....
 Inner Flame              Hex/Fire       ###.....     9%          3    ##.....
 Sticky Flame             Conj/Fire      ###.....     19%         4    ####...
 Fireball                 Conj/Fire      ###.......   45%         5    #####..


Dungeon Overview and Level Annotations

Branches:
Dungeon (1/1)

Altars:
Cheibriados
Dithmenos
Elyvilon
Gozag
Hepliaklqana
Kikubaaqudgha
Makhleb
Nemelex Xobeh
Okawaru
Qazlal
Ru
Sif Muna
Trog
Uskayaw
Vehumet
Wu Jian
Xom
Yredelemnul
Zin
The Shining One
Beogh
Jiyva
Lugonu

Annotations:
D exclusion: oklob sapling


Message History

Unknown command.
Press < or > to pray at altars.
Casting: Flame Tongue (safe; 1% risk of failure)
Confirm with . or Enter, or press ? or * to list all spells.
Aiming: Flame Tongue (safe; 1% risk of failure)
Press: ? - help, Shift-Dir - straight line, f/p - oklob sapling priest
Aim: an oklob sapling priest (severely damaged)
The flame tongue hits the oklob sapling priest but does no damage.
The oklob sapling priest is severely damaged.
Casting: Flame Tongue (safe; 1% risk of failure)
Confirm with . or Enter, or press ? or * to list all spells.
Aiming: Flame Tongue (safe; 1% risk of failure)
Press: ? - help, Shift-Dir - straight line, f/p - oklob sapling priest
Aim: an oklob sapling priest (severely damaged)
The flame tongue hits the oklob sapling priest but does no damage.
The oklob sapling priest is severely damaged.
The oklob sapling priest mumbles some strange prayers to its god against you.
Something smites you!
Ouch! That really hurt!
You die...

########################
.....#.....#.⌠._._._._.⌠
÷....'.#...'.._._._._._.
.....#.#...#..._._P_._..
#########+##.._.@._._._.
#._._._._._.⌠
#############


You could see an oklob sapling priest.

Vanquished Creatures
  An oklob sapling (D)
  A worker ant (D)
  A river rat (D)
  A rat (D)
4 creatures vanquished.

Notes
Turn   | Place    | Note
-------+----------+-------------------------------------------
     0 | D        | Conn the Deep Elf Fire Elementalist began the quest for the
                  | Orb.
     0 | D        | Reached XP level 1. HP: 10/10 MP: 6/6
    16 | D        | Reached skill level 4 in Fire Magic
    16 | D        | Reached XP level 2. HP: 11/15 MP: 0/8
    93 | D        | Noticed an oklob sapling
    97 | D        | Killed an oklob sapling
    97 | D        | Reached skill level 6 in Fire Magic
    97 | D        | Reached XP level 3. HP: 19/19 MP: 9/11
   100 | D        | Found the amulet of invisibility {+Inv}
   105 | D        | Reached skill level 5 in Spellcasting
   223 | D        | Found an opulent altar of Gozag.
   223 | D        | Found a hazy altar of Hepliaklqana.
   223 | D        | Found a burning altar of Makhleb.
   223 | D        | Found a roughly hewn altar of Beogh.
   223 | D        | Found a sparkling altar of Nemelex Xobeh.
   223 | D        | Found a snail-covered altar of Cheibriados.
   223 | D        | Found a sacrificial altar of Ru.
   223 | D        | Found a shimmering blue altar of Sif Muna.
   223 | D        | Found a shimmering altar of Xom.
   223 | D        | Found a basalt altar of Yredelemnul.
   224 | D        | Found a viscous altar of Jiyva.
   224 | D        | Found a bloodstained altar of Trog.
   224 | D        | Found an ornate altar of the Wu Jian Council.
   224 | D        | Noticed an oklob sapling priest
   225 | D        | Found an iron altar of Okawaru.
   225 | D        | Found a glowing silver altar of Zin.
   225 | D        | Found a shadowy altar of Dithmenos.
   226 | D        | Found a hide-covered altar of Uskayaw.
   226 | D        | Found an ancient bone altar of Kikubaaqudgha.
   227 | D        | Found a stormy altar of Qazlal.
   227 | D        | Found a glowing golden altar of the Shining One.
   227 | D        | Found a white marble altar of Elyvilon.
   228 | D        | Found a radiant altar of Vehumet.
   228 | D        | Found a corrupted altar of Lugonu.
   230 | D        | Became a worshipper of Sif Muna the Loreminder
   238 | D        | Killed from afar by an oklob sapling priest

Levels and vault maps discovered:
D:        dungeon_sprint_fedhas [sprint_temple]

Skill      XL: |  1  2  3 |
---------------+----------+-----
Dodging        | 3 |  3.9
Fire Magic     | 4 6 |  6.7
Stealth        | 3 |  3.4
Spellcasting   | 4 5 |  5.5
Conjurations   | |  1.9

Action                   || total
-------------------------++-------
Melee: Unarmed           ||     1
       Dagger            ||     3
 Cast: Flame Tongue      ||    18
 Abil: Evoke Invisibilit ||     1
  Use: Potion            ||     2
Armor: Robe              ||     1
Dodge: Dodged            ||     6

Table legend:
 A = Non-vault XP
 B = Vault XP
 C = Vault XP percentage of total XP
 D = Non-vault monster count
 E = Vault monster count
 F = Vault count percentage of total count
                 A         B        C        D         E       F
            +---------+---------+-------+---------+---------+-------
      Total |       0 |      84 | 100.0 |       0 |       4 | 100.0
            +---------+---------+-------+---------+---------+-------
          D |       0 |      84 | 100.0 |       0 |       4 | 100.0
            +---------+---------+-------+---------+---------+-------
